wizbiz, neutral female human Wizard ---------------- #...............| #|.......@......| ------------- #...............| |............################################----------.----- |...........| # |...........+ |.`.........| |...........+ ----|-------- # ### # ##### -----------.--- |{<...........| |.............| --------------- wizbiz the Conjurer Experience level: 3 Strength: 9 Dexterity: 15 Constitution: 15 Intelligence: 18 Wisdom: 13 Charisma: 8 Health: 29(29) Energy: 23(23) Def: 5 Gold: 466 Moves: 1111 Dungeon seed: FV___JxbfbkP1alA Game ID: wizbiz_1530153014 Your Inventory: Coins $ - 466 gold pieces Weapons a - a blessed +1 quarterstaff (weapon in hands) Armor e - an uncursed +1 cloak of magic resistance (being worn) n - an uncursed +0 pair of elven boots (being worn) r - an uncursed +0 leather armor (being worn) Scrolls i - an uncursed scroll of gold detection j - an uncursed scroll of light w - a cursed scroll of earth x - a blessed scroll of create monster Spellbooks l - a blessed spellbook of force bolt m - an uncursed spellbook of wizard lock Potions f - an uncursed potion of oil g - a blessed potion of gain energy h - an uncursed potion of confusion o - an uncursed potion of fruit juice p - an uncursed potion of hallucination Rings c - an uncursed +1 ring of gain strength d - an uncursed ring of see invisible t - a cursed ring of hunger Wands b - a wand of digging (0:8) y - a wand of striking (0:6) Gems z - an uncursed agate stone Spells and supernatural/magical abilities: Name Level Category Fail Memory a - force bolt 1 attack 0% 95% w - wizard lock 2 matter 53% 95% W - pray for help -- divine ? -- Your skills at the end: Fighting Skills Weapon Skills quarterstaff [Basic] Spellcasting Skills attack spells [Basic] enchantment spells [Basic] Final Attributes: You were nominally aligned. You were magic-protected. You were stealthy. You were lucky. You survived. Vanquished creatures: a small mimic an orc zombie a red mold 3 geckos a goblin 2 grid bugs 3 lichens 2 newts 14 creatures vanquished. Voluntary challenges: You used a wielded weapon 8 times, starting on turn 688. You read items or engraved 1 time, starting on turn 1. You never genocided any monsters. You never polymorphed an object. You never changed form. You used no wishes. You never split a pudding. You never wrote Elbereth's name. You never violated your personal moral code. Dungeon overview: The Dungeons of Doom: levels 1 to 4 Level 1 a long staircase Level 2 a fountain a long staircase Level 3 a weapon shop, a fountain Level 4 <- You were here some fountains History has recorded: On T:1 you entered the Dungeons of Doom to retrieve the Amulet of Yendor! On T:61 you reached level 2 of The Dungeons of Doom. On T:437 you reached level 3 of The Dungeons of Doom. On T:692 you advanced to experience level 2. On T:794 you advanced to experience level 3. On T:918 you reached level 4 of The Dungeons of Doom. Score breakdown: Gold: 466 ( 9080 points) Experience: 3 levels ( 7878 points) Exploration: 4 levels ( 7.84%) ( 7348 points) Discoveries: 4 items ( 1.39%) ( 3535 points) Valuables value: (no points given unless you survive) Artifact value: 0 ( 0 points) Variety of kills: 8 monsters ( 2.10%) ( 4347 points) Turncount: 1111 turns ( 0 points) Survival: quit (score multiplied by 90%) Total score: 28969 Latest messages: You are beginning to feel hungry. The kitten misses the orc zombie. (3x) You hear some noises. You hear someone counting money. You kill the lichen! z - an orange gem. You hear water falling on coins. The cool draught refreshes you. The door opens. You see here a statue of a yellow mold. $ - 151 gold pieces. Wizard needs food, badly! You stop exploring. You begin praying to Thoth. You are surrounded by a shimmering light. You feel that Thoth is satisfied. You feel too weak from hunger to explore. The wand hits the red mold. You kill the red mold! You attract a water nymph! The water nymph stole an emerald ring. Final status: Goodbye wizbiz the Wizard, quit... You quit in The Dungeons of Doom on dungeon level 4 with 28969 points, and 466 pieces of gold, after 1111 moves. You were level 3 with a maximum of 29 hit points when you quit.